 Dungeon Crawl Stone Soup version 0.17.0-28-g6e173f8 (webtiles) character file.

740 PossumBlood the Shield-Bearer (level 7, -3/64 HPs)
             Began as a Deep Dwarf Fighter on Nov 24, 2015.
             Slain by an ogre
             ... wielding a +0 giant spiked club
              (4 damage)
             ... on level 4 of the Dungeon.
             The game lasted 00:11:18 (2805 turns).

PossumBlood the Shield-Bearer (Deep Dwarf Fighter)  Turns: 2805, Time: 00:11:18

Health: -3/64      AC: 15    Str: 22    XL:     7   Next: 46%
Magic:  7/7        EV:  5    Int:  8    God:
Gold:   209        SH: 10    Dex: 12    Spells: 0 memorised, 6 levels left

rFire  . . .     SeeInvis .     n - +2 short sword (flame)
rCold  . . .     Clarity  .     k - +0 plate armour
rNeg   . . .     SustAt   .     c - +0 shield
rPois  .         Gourm    .     (no helmet)
rElec  .         Spirit   .     q - +2 cloak
rCorr  .         Warding  .     (no gloves)
rMut   .         Stasis   .     (no boots)
MR     +....                    (no amulet)
Stlth  ..........               (no ring)
                                j - ring of invisibility

@: non-regenerating, somewhat resistant to hostile enchantments, extremely
unstealthy
A: damage resistance, recharge devices, sense surroundings 1, slow regeneration
3
a: Device Recharging, Evoke Invisibility


You were on level 4 of the Dungeon.
You were not hungry.

You visited 1 branch of the dungeon, and saw 4 of its levels.

You collected 209 gold pieces.

Inventory:

Hand Weapons
 a - a +0 war axe
 d - a +2 spear of venom
 m - a +0 club
 n - a +2 short sword of flaming (weapon)
Armour
 b - a +0 scale mail
 c - a +0 shield (worn)
 k - a +0 plate armour (worn)
 l - a +0 cloak
 q - a +2 cloak (worn)
Jewellery
 j - a ring of invisibility (left hand)
Wands
 e - a wand of heal wounds (0)
 i - a wand of digging (9)
Scrolls
 h - 2 scrolls of fear
 o - a scroll of teleportation
Potions
 p - a potion of brilliance {unknown}
Comestibles
 f - 3 bread rations
 g - 6 fruits


   Skills:
 + Level 4.1 Fighting
 + Level 0.5 Short Blades
 + Level 4.7 Axes
 + Level 5.2 Armour
 + Level 3.0 Dodging
 + Level 5.4 Shields
 + Level 0.6 Evocations


You had 6 spell levels left.
You didn't know any spells.

Dungeon Overview and Level Annotations

Branches:
Dungeon (4/15)
 Temple: D:4-7

Altars:
Vehumet


Innate Abilities, Weirdness & Mutations

You are resistant to damage.
You can recharge devices by infusing magical energy.
You passively map a small area around you.
You do not regenerate naturally.


Message History

You puncture the ogre! You burn the ogre.
The ogre is heavily wounded.
The ogre hits you with a giant spiked club!
You hit the ogre. You burn the ogre.
The ogre is severely wounded.
The ogre hits you with a giant spiked club!!
* * * LOW HITPOINT WARNING * * *
An ogre comes into view. It is wielding a giant spiked club.
You are too injured to fight recklessly!
You hit the ogre. You burn the ogre.
The ogre is almost dead.
You completely miss the ogre.
The ogre is almost dead.
The ogre hits you with a giant spiked club!
* * * LOW HITPOINT WARNING * * *
You hit the ogre. You burn the ogre.
You kill the ogre!
Your Dodging skill increases to level 3!
The ogre hits you with a giant spiked club.
You die...

........# #...#...#.......
........#####.###.#.#)......
........##....# #.#.O.O.....
........##.######.####......
........##.# #.......#
....., .#####.....#
#.......#* ##.# , ###.###
#.......# * . *
###.#####.O.....# * *
#..(....'@..##### *
#^#######...# * ... #...# ,
#.## #...# ≈ _ , #. #...# ≈
* * ,* # #...# , , #####


You could see an ogre.

Vanquished Creatures
  Grinder (D:3)
  Sigmund (D:2)
  An ogre (D:4)
  An orc wizard (D:3)
  Crazy Yiuf (D:3)
  Ijyb (D:3)
  2 orc priests (D:3)
  Terence (D:3)
  6 adders
  2 oozes (D:3)
  A worm (D:2)
  9 orcs (D:3)
  5 hobgoblins
  14 kobolds
  3 ball pythons
  10 bats
  6 giant cockroaches
  3 giant geckos
  3 giant newts
  3 goblins (D:3)
  5 rats
79 creatures vanquished.

Notes
Turn   | Place    | Note
--------------------------------------------------------------
     0 | D:1      | PossumBlood the Deep Dwarf Fighter began the quest for the Orb.
     0 | D:1      | Reached XP level 1. HP: 20/20 MP: 1/1
   648 | D:1      | Reached XP level 2. HP: 27/27 MP: 2/2
  1074 | D:2      | Reached XP level 3. HP: 34/34 MP: 3/3
  1083 | D:2      | Reached skill level 1 in Dodging
  1327 | D:2      | Reached XP level 4. HP: 22/42 MP: 4/4
  1424 | D:2      | Found a radiant altar of Vehumet.
  1424 | D:2      | Noticed Sigmund
  1444 | D:2      | Killed Sigmund
  1444 | D:2      | Reached skill level 4 in Armour
  1444 | D:2      | Reached XP level 5. HP: 22/49 MP: 5/5
  2001 | D:3      | Noticed Ijyb
  2004 | D:3      | Reached XP level 6. HP: 29/56 MP: 6/6
  2019 | D:3      | Killed Ijyb
  2323 | D:3      | Noticed Grinder
  2346 | D:3      | Killed Grinder
  2346 | D:3      | Reached skill level 5 in Armour
  2346 | D:3      | Reached skill level 5 in Shields
  2346 | D:3      | Reached XP level 7. HP: 45/63 MP: 7/7
  2375 | D:3      | Noticed Terence
  2380 | D:3      | Killed Terence
  2417 | D:3      | Noticed Crazy Yiuf
  2436 | D:3      | Killed Crazy Yiuf
  2791 | D:4      | HP: 1/64 [ogre/giant spiked club (5)]
  2805 | D:4      | Slain by an ogre

Action                   |  1- 3 |  4- 6 |  7- 9 || total
-------------------------+-------+-------+-------++-------
Melee: War axe           |   108 |   119 |     4 ||   231
       Short sword       |       |       |    48 ||    48
Evoke: Wand              |     1 |     3 |     1 ||     5
  Use: Scroll            |     4 |     1 |     1 ||     6
       Potion            |       |     5 |     1 ||     6
  Eat: Bread ration      |     1 |       |       ||     1
       Meat ration       |       |     1 |       ||     1
